 Dungeon Crawl Stone Soup version 0.23-a0-269-g65e0026 (webtiles) character file.

12762 George the Carver (level 11, 0/99 HPs)
             Began as a Minotaur Fighter on Sept 29, 2018.
             Was a High Priest of Okawaru.
             Slain by Snorg (23 damage)
             ... on level 12 of the Dungeon on Sept 30, 2018.
             The game lasted 00:19:02 (9439 turns).

George the Carver (Minotaur Fighter)                Turns: 9439, Time: 00:19:03

Health: 0/99       AC: 26    Str: 23    XL:     11   Next: 66%
Magic:  13/15      EV: 13    Int:  5    God:    Okawaru [*****.]
Gold:   600        SH: 15    Dex: 11    Spells: 10/10 levels left

rFire    . . .     SeeInvis +   J - +0 scimitar (slice)
rCold    . . .     Gourm    .   c - +1 shield
rNeg     . . .     Faith    .   o - +0 plate armour
rPois    .         Spirit   .   (helmet restricted)
rElec    .         Reflect  .   (no cloak)
rCorr    .         Harm     .   w - +2 pair of gloves
MR       .....                  i - +2 pair of boots
Stlth    ..........             (no amulet)
HPRegen  0.26/turn              q - ring of see invisible
MPRegen  0.14/turn              H - +2 ring of protection

@: heroism
A: retaliatory headbutt, horns 2
a: Heroism, Finesse, Renounce Religion


You were on level 12 of the Dungeon.
You worshipped Okawaru.
Okawaru was extremely pleased with you.
You were not hungry.

You visited 2 branches of the dungeon, and saw 13 of its levels.
You also visited: Sewer.

You collected 600 gold pieces.

Inventory:

Hand Weapons
 a - the +1 quick blade of Deformation {elec, *Slow rPois Int+7}
   (Okawaru gifted it to you on level 12 of the Dungeon)

   Occasionally, upon striking a foe, it will discharge some electrical energy
   and cause terrible harm.
   It affects your intelligence (+7).
   It protects you from poison.
   It may slow you when you take damage.
 J - a +0 scimitar of slicing (weapon)
Armour
 c - a +1 shield (worn)
 i - a +2 pair of boots (worn)
 o - a +0 plate armour (worn)
 w - a +2 pair of gloves (worn)
Jewellery
 q - a ring of see invisible (left hand)
 H - a +2 ring of protection (right hand)
Wands
 m - a wand of acid (5)
 p - a wand of digging (9)
 D - a wand of paralysis (18)
 F - a wand of polymorph (8)
 M - a wand of clouds (6)
Scrolls
 b - 2 scrolls of enchant weapon
 g - 4 scrolls of enchant armour
 j - 2 scrolls of teleportation
 t - 3 scrolls of blinking
 u - 2 scrolls of fog {unknown}
 z - 7 scrolls of remove curse
 C - 3 scrolls of amnesia {unknown}
 E - 3 scrolls of silence {unknown}
 G - 5 scrolls of immolation {unknown}
 I - a scroll of noise {unknown}
 K - a scroll of identify
 L - 2 scrolls of magic mapping {unknown}
Potions
 d - 3 potions of might
 e - 3 potions of haste
 h - 5 potions of agility
 k - 5 potions of invisibility
 l - 2 potions of cancellation
 n - a potion of resistance
 r - 2 potions of magic
 s - 7 potions of flight
 v - a potion of brilliance
 x - 7 potions of curing
 A - a potion of mutation
 B - a potion of ambrosia {unknown}
Comestibles
 f - 25 rations
 N - 2 chunks of flesh


   Skills:
 + Level 9.9(14.9) Fighting
 + Level 10.6(15.6) Long Blades
 + Level 9.9(14.9) Armour
 + Level 8.1(13.1) Dodging
 + Level 9.9(14.9) Shields
 + Level 6.9 Invocations


You had 10 spell levels left.
You didn't know any spells.
Your spell library contained the following spells:

 Spells                   Type           Power        Failure   Level  Hunger
 Beastly Appendage        Tmut           #.....       99%         1    ##.....
 Confusing Touch          Hex            #.....       99%         1    ##.....
 Sticks to Snakes         Tmut           #.......     100%        2    ###....
 Confuse                  Hex            #.......     100%        3    ####...
 Gell's Gravitas          Tloc           #.........   100%        3    ####...
 Spider Form              Tmut/Pois      #.........   100%        3    ####...
 Ice Form                 Ice/Tmut       #.......     100%        4    #####..
 Petrify                  Tmut/Erth      #.......     100%        4    #####..
 Blade Hands              Tmut           #.........   100%        5    ######.
 Metabolic Englaciation   Hex/Ice        #.........   100%        5    ######.
 Yara's Violent Unravell  Hex/Tmut       #.........   100%        5    ######.


Dungeon Overview and Level Annotations

Branches:
Dungeon (12/15)            Temple (1/1) D:5            Lair (0/6) D:10
    Orc (0/2) D:10

Altars:
Ashenzari
Cheibriados
Dithmenos
Elyvilon
Fedhas
Gozag
Hepliaklqana
Kikubaaqudgha
Makhleb
Nemelex Xobeh
Okawaru
Qazlal
Ru
Sif Muna
Trog
Uskayaw
Vehumet
Wu Jian
Xom
Yredelemnul
Zin
The Shining One

Annotations:
D:4 2 transporters
D:12 Snorg


Innate Abilities, Weirdness & Mutations

You reflexively headbutt those who attack you in melee.
You have a pair of horns on your head.


Message History

You slice Snorg!! You headbutt Snorg, but do no damage.
Snorg is moderately wounded.
Snorg bites you! You block Snorg's attack. Snorg claws you but does no damage.
You closely miss Snorg.
Snorg is moderately wounded.
You block Snorg's attack. x2; Snorg claws you but does no damage.
You gain the combat prowess of a mighty hero.
You block Snorg's attack. Snorg claws you. Snorg closely misses you.
You slash Snorg!
Snorg is moderately wounded.
You block Snorg's attack. Snorg barely misses you. You block Snorg's attack.
You fail to use your ability.
Snorg goes berserk!
You closely miss Snorg. You headbutt Snorg!
Snorg is heavily wounded.
Snorg bites you! You block Snorg's attack. Snorg claws you!
* * * LOW HITPOINT WARNING * * *
You closely miss Snorg.
Snorg is heavily wounded.
Snorg bites you!!
You die...

#...## ..... ....
##... #... #.. #
#T# ..##.##@# #
........# .#
#.##.##.# .#
#.##.# ..#
#.##.##.#####..#
#$<............#
######.##.#.#.####
...##.##..###.##
..##.##.## ##.###


You could see Snorg (berserk).

Vanquished Creatures
  2 two-headed ogres
  4 skeletal warriors
  Pikel (D:4)
  A deep elf mage (D:12)
  A gargoyle (D:11)
  A merfolk (D:10)
  A troll (D:11)
  Grinder (D:6)
  3 hippogriffs
  3 slime creatures (D:11)
  3 basilisks
  Eustachio (D:5)
  A steam dragon (D:7)
  7 yaks
  An orc warrior (D:12)
  4 porcupines
  A sky beast (D:11)
  2 black bears
  4 ice beasts
  A phantom (D:12)
  8 ogres
  3 wolves (D:10)
  A centaur (D:6)
  2 crocodiles (D:10)
  2 big kobolds (D:10)
  8 bullfrogs
  2 scorpions
  4 howler monkeys
  4 wights (D:10)
  A bullfrog zombie (D:10)
  4 crimson imps
  11 hounds
  A quasit (D:11)
  2 jellies (D:6)
  An orc wizard (D:7)
  A gnoll shaman (D:7)
  3 orc priests
  3 bullfrog skeletons
  4 iguanas
  6 worker ants
  A killer bee zombie (D:9)
  A worker ant zombie (D:7)
  10 gnolls
  10 adders
  3 shadow imps
  4 oozes (Sewer)
  3 adder zombies
  2 adder skeletons
  5 worms
  A dart slug (D:1)
  7 leopard geckos
  17 orcs
  8 giant cockroaches
  4 goblins
  5 hobgoblins
  6 jackals
  3 quokkas
  4 ball pythons
  10 bats
  7 frilled lizards
  24 kobolds
  12 rats
261 creatures vanquished.

Notes
Turn   | Place    | Note
-------+----------+-------------------------------------------
     0 | D:1      | George the Minotaur Fighter began the quest for the Orb.
     0 | D:1      | Reached XP level 1. HP: 19/19 MP: 0/0
    33 | D:1      | Reached skill level 3 in Long Blades
   203 | D:1      | Reached XP level 2. HP: 26/26 MP: 1/1
   399 | D:1      | Reached skill level 4 in Long Blades
   699 | D:2      | Reached XP level 3. HP: 27/31 MP: 2/2
   959 | D:1      | Reached skill level 5 in Long Blades
  1072 | D:2      | Reached XP level 4. HP: 39/39 MP: 3/3
  1404 | D:3      | Found a blossoming altar of Fedhas.
  1935 | D:3      | Found a glowing drain.
  1949 | Sewer    | Entered a sewer
  1965 | Sewer    | Reached skill level 1 in Dodging
  2078 | Sewer    | Reached XP level 5. HP: 46/46 MP: 4/4
  2713 | D:4      | Noticed an ogre
  2731 | D:4      | Killed an ogre
  2731 | D:4      | Reached XP level 6. HP: 25/53 MP: 5/5
  3231 | D:4      | Reached skill level 6 in Long Blades
  3233 | D:4      | Noticed Pikel
  3233 | D:4      | Noticed a slave
  3234 | D:4      | Noticed a slave
  3234 | D:4      | Noticed a slave
  3234 | D:4      | Noticed a slave
  3259 | D:4      | Killed Pikel
  3259 | D:4      | Reached skill level 5 in Fighting
  3259 | D:4      | Reached skill level 5 in Armour
  3259 | D:4      | Reached skill level 5 in Shields
  3259 | D:4      | Reached XP level 7. HP: 22/61 MP: 6/6
  3314 | D:4      | Found a transporter.
  3373 | D:4      | Found a transporter.
  3536 | D:5      | Entered Level 5 of the Dungeon
  3546 | D:5      | Found a staircase to the Ecumenical Temple.
  3639 | Temple   | Entered the Ecumenical Temple
  3723 | Temple   | Became a worshipper of Warmaster Okawaru
  4242 | D:5      | Noticed Eustachio
  4281 | D:5      | Killed Eustachio
  4281 | D:5      | Reached skill level 1 in Invocations
  4281 | D:5      | Reached XP level 8. HP: 63/70 MP: 7/7
  4550 | D:5      | Reached skill level 7 in Long Blades
  4683 | D:6      | Noticed Grinder
  4690 | D:6      | Paralysed by Grinder for 3 turns
  4693 | D:6      | Killed Grinder
  4738 | D:6      | Reached * piety under Okawaru
  4841 | D:6      | Found a sparkling altar of Nemelex Xobeh.
  4994 | D:6      | Found a shimmering altar of Xom.
  4997 | D:6      | Found a shadowy altar of Dithmenos.
  5000 | D:6      | Found a stormy altar of Qazlal.
  5026 | D:6      | Found a sparkling altar of Nemelex Xobeh.
  5035 | D:6      | Found a hide-covered altar of Uskayaw.
  5146 | D:7      | Noticed a two-headed ogre
  5162 | D:7      | Killed a two-headed ogre
  5162 | D:7      | Reached ** piety under Okawaru
  5162 | D:7      | Reached skill level 8 in Long Blades
  5162 | D:7      | Reached skill level 5 in Dodging
  5162 | D:7      | Reached XP level 9. HP: 61/78 MP: 7/10
  5656 | D:7      | Found a burning altar of Makhleb.
  5756 | D:7      | Reached *** piety under Okawaru
  5929 | D:8      | Got a bronze ring mail
  5943 | D:8      | Identified the +0 ring mail of Vumol {rF- Str+2 Dex+4} (You
                  | found it on level 8 of the Dungeon)
  6057 | D:8      | Noticed a two-headed ogre
  6066 | D:8      | Killed a two-headed ogre
  6066 | D:8      | Reached XP level 10. HP: 46/88 MP: 9/12
  6291 | D:8      | Found a glowing silver altar of Zin.
  6372 | D:9      | Reached skill level 9 in Long Blades
  6566 | D:9      | Found a hazy altar of Hepliaklqana.
  6830 | D:10     | Entered Level 10 of the Dungeon
  6887 | D:10     | Reached skill level 5 in Invocations
  6977 | D:10     | Reached **** piety under Okawaru
  7176 | D:10     | HP: 1/90 [porcupine (5)]
  7665 | D:10     | Found a staircase to the Lair.
  7710 | D:10     | Reached ***** piety under Okawaru
  7719 | D:10     | Received a gift from Okawaru
  8111 | D:10     | Found a staircase to the Orcish Mines.
  8157 | D:10     | Upgraded the game from 0.23-a0-261-g133332c to
                  | 0.23-a0-269-g65e0026
  8249 | D:11     | Reached XP level 11. HP: 97/97 MP: 14/14
  8286 | D:11     | Received a gift from Okawaru
  8292 | D:11     | Reached skill level 10 in Long Blades
  8947 | D:12     | Noticed a skeletal warrior
  8947 | D:12     | Noticed a skeletal warrior
  8947 | D:12     | Noticed a skeletal warrior
  8948 | D:12     | Noticed a skeletal warrior
  8965 | D:12     | Killed a skeletal warrior
  8987 | D:11     | Killed a skeletal warrior
  9297 | D:12     | Killed a skeletal warrior
  9306 | D:12     | Killed a skeletal warrior
  9306 | D:12     | Received a gift from Okawaru
  9315 | D:12     | Got a jewelled quick blade {god gift}
  9338 | D:12     | Identified the +1 quick blade of Deformation {elec, *Slow
                  | rPois Int+7} (Okawaru gifted it to you on level 12 of the
                  | Dungeon)
  9358 | D:12     | Noticed a deep elf mage
  9371 | D:12     | Killed a deep elf mage
  9425 | D:12     | Noticed Snorg
  9439 | D:12     | Slain by Snorg

Vault maps used:
D:1:      eino_arrival_water_cross, minmay_box_of_dots
D:2:      first_ration
D:3:      portal_sewer_entry_b, fedhas_altar_1
D:4:      gammafunk_cloud_chamber, uniq_pikel
D:5:      temple_pool_b, uniq_eustachio
D:6:      kennysheep_mini, grunt_temple_overflow_diamond, lemuel_round_altar,
          nemelex_diamond_rough_becter, uniq_grinder
D:7:      hangedman_cross_stitches, makhleb_heckhound_becter
D:8:      zin_scriptorium
D:9:      lemuel_round_altar
D:10:     statuecave_lemuel, minmay_lair_entry_grove, orc_0_dummy,
          hangedman_fish_farm
D:12:     uniq_snorg
Temple:   minmay_temple_curvy_branch
Sewer:    sewer_fruit_machine

Skill      XL: |  1  2  3  4  5  6  7  8  9 10 11 |
---------------+----------------------------------+-----
Long Blades    | 3 4 5 6 8 9 10 | 10.6
Dodging        | 1 3 5 6 7 8 |  8.1
Fighting       | 4 5 6 8 9 |  9.9
Shields        | 4 5 7 9 |  9.9
Armour         | 4 5 6 7 9 |  9.9
Invocations    | 1 3 4 5 6 |  6.9

Action                   |  1- 3 |  4- 6 |  7- 9 | 10-12 || total
-------------------------+-------+-------+-------+-------++-------
Melee: Long sword        |    74 |   189 |   268 |    90 ||   621
       Headbutt          |    13 |    31 |    67 |    93 ||   204
       Scimitar          |       |       |       |   306 ||   306
Invok: Heroism           |       |       |     2 |     5 ||     7
       Finesse           |       |       |       |     1 ||     1
Evoke: Wand              |       |       |       |     2 ||     2
  Use: Scroll            |       |     3 |     2 |    11 ||    16
  Eat: Chunk             |     1 |     7 |     6 |    12 ||    26
       Ration            |       |       |     1 |       ||     1
Armor: Scale mail        |    39 |     9 |       |       ||    48
       Plate armour      |       |   120 |   117 |   236 ||   473
       Skin              |       |       |     1 |       ||     1
Dodge: Dodged            |    24 |    52 |    80 |   129 ||   285
Block: Shield            |    47 |   116 |   158 |   261 ||   582
       Rpst.: Long sword |     7 |    12 |    22 |    12 ||    53
       Scimitar          |       |       |       |    28 ||    28

Table legend:
 A = Non-vault XP
 B = Vault XP
 C = Vault XP percentage of total XP
 D = Non-vault monster count
 E = Vault monster count
 F = Vault count percentage of total count
                 A         B        C        D         E       F
            +---------+---------+-------+---------+---------+-------
      Total |   13525 |    4707 |  25.8 |     201 |      60 |  23.0
            +---------+---------+-------+---------+---------+-------
        D:1 |      75 |       5 |   6.2 |      22 |       3 |  12.0
        D:2 |      34 |       0 |   0.0 |      21 |       0 |   0.0
        D:3 |      50 |       6 |  10.7 |      13 |       5 |  27.8
        D:4 |     278 |     651 |  70.1 |      10 |       1 |   9.1
        D:5 |     161 |     188 |  53.9 |       7 |       1 |  12.5
        D:6 |     493 |     281 |  36.3 |      13 |       1 |   7.1
        D:7 |     908 |    1509 |  62.4 |      21 |      12 |  36.4
        D:8 |    1277 |       0 |   0.0 |      14 |       0 |   0.0
        D:9 |     751 |     509 |  40.4 |      14 |       4 |  22.2
       D:10 |    2201 |    1481 |  40.2 |      30 |      10 |  25.0
       D:11 |    3836 |       0 |   0.0 |      24 |       0 |   0.0
       D:12 |    3461 |       0 |   0.0 |      12 |       0 |   0.0
      Sewer |       0 |      77 | 100.0 |       0 |      23 | 100.0
            +---------+---------+-------+---------+---------+-------
